Map: Green Acres

Players

Slabadaros

  • Race: Terran Terran
  • Spawn Location: 3:00

ForceForce

  • Race: Terran Terran
  • Spawn Location: 12:00

ALIGATOR

  • Race: Protoss Protoss
  • Spawn Location: 1:00

Baralgin - Winner!

  • Race: Terran Terran
  • Spawn Location: 6:00

tbekas - Winner!

  • Race: Zerg Zerg
  • Spawn Location: 9:00

BANANAJOE - Winner!

  • Race: Protoss Protoss
  • Spawn Location: 7:00

VOD

Have the link to the VOD?

Description

Time

  • Played on: May 3, 2017, 3:33 p.m.
  • Length: 30:14
Show
View Real Time Build Order
Export as new Build Order

Slabadaros Terran 

Build Orders: Mech 

Get SALT Encoding   

  12  0:11  SCV  
  13  0:23  SCV  
  15  0:35  Refinery, SCV  
  15  0:38  Refinery  
  15  0:43  Engineering Bay  
  15  0:48  Supply Depot  
  15  1:10  SCV  
  16  1:22  SCV  
  17  1:34  SCV  
  18  1:46  Planetary Fortress  
  18  1:51  Missile Turret  
  18  1:54  Missile Turret  
  18  1:57  Missile Turret  
  18  2:05  Missile Turret  
  18  2:25  SCV  
  19  2:35  Hi-Sec Auto Tracking  
  19  2:37  SCV  
  20  2:50  Barracks, SCV  
  21  3:02  SCV  
  22  3:14  SCV  
  23  3:32  Building Armor  
  23  3:42  Factory  
  23  3:48  Factory  
  23  3:51  Factory  
  23  4:00  Supply Depot  
  23  4:01  Supply Depot  
  23  4:21  SCV  
  24  4:33  SCV  
  24  4:34  Factory Tech Lab x2  
  24  4:36  Factory Tech Lab  
  25  4:45  SCV  
  25  4:51  Command Center  
  26  4:58  SCV  
  26  4:59  Armory  
  27  5:10  SCV  
  27  5:11  Siege Tank  
  31  5:15  Siege Tank  
  34  5:24  Siege Tank  
  37  5:39  Supply Depot  
  37  5:41  Supply Depot  
  37  5:45  Supply Depot  
  37  6:07  Siege Tank x2  
  43  6:40  Siege Tank  
  46  6:54  Planetary Fortress  
  46  7:03  Command Center  
  46  7:07  Command Center  
  46  7:32  Refinery  
  46  7:35  Refinery  
  46  7:50  SCV  
  47  7:54  Missile Turret  
  47  7:57  Missile Turret  
  47  8:02  SCV  
  48  8:08  Siege Tank x2  
  54  8:14  SCV  
  54  8:19  Siege Tank  
  58  8:26  SCV  
  59  8:38  SCV  
  60  8:53  SCV  
  61  9:05  SCV  
  62  9:17  SCV  
  63  9:29  SCV  
  64  9:33  SCV  
  65  9:39  Planetary Fortress  
  65  9:42  SCV  
  65  9:45  SCV  
  67  9:55  SCV  
  67  9:57  SCV  
  69  10:00  Terran Ship Weapons Level 1  
  69  10:08  SCV  
  69  10:09  SCV  
  71  10:19  Planetary Fortress  
  71  10:20  SCV  
  72  10:21  SCV  
  73  10:32  SCV  
  73  10:33  Missile Turret  
  73  10:35  Missile Turret x2  
  74  10:37  Missile Turret  
  74  10:40  Missile Turret  
  75  10:42  SCV  
  75  10:44  SCV  
  76  10:55  SCV  
  77  11:02  Refinery  
  77  11:07  SCV  
  77  11:08  Refinery  
  78  11:19  SCV  
  78  11:23  Missile Turret  
  78  11:24  Missile Turret  
  78  11:25  Missile Turret  
  79  11:31  SCV  
  80  11:43  SCV  
  80  11:44  Missile Turret  
  80  11:45  Command Center  
  81  11:54  Missile Turret, Terran Vehicle Weapons Level 1  
  81  11:55  SCV  
  82  12:07  Missile Turret, SCV  
  83  12:12  Starport  
  83  12:13  Starport  
  83  12:14  Starport  
  83  12:19  SCV  
  83  12:20  Missile Turret  
  83  12:21  Missile Turret  
  84  12:29  Supply Depot  
  84  12:30  Supply Depot  
  84  12:31  SCV  
  84  12:32  Supply Depot  
  85  13:01  Planetary Fortress  
  85  13:05  Missile Turret  
  85  13:13  Missile Turret  
  85  13:14  Missile Turret x2  
  85  13:15  Missile Turret  
  85  13:17  Missile Turret  
  85  13:21  Missile Turret  
  85  13:25  Missile Turret  
  85  13:36  Refinery x2  
  79  13:42  Sensor Tower  
  73  13:48  Terran Vehicle And Ship Armor Level 1  
  73  13:57  Command Center  
  73  14:01  Starport Reactor x3, Missile Turret  
  73  14:02  Missile Turret  
  73  14:03  Missile Turret  
  73  14:22  Starport  
  73  14:28  Starport  
  73  14:29  Starport  
  73  14:37  Supply Depot  
  73  14:41  Supply Depot  
  73  14:43  Supply Depot  
  73  14:46  Supply Depot  
  73  14:48  Supply Depot  
  73  15:04  Siege Tank x3  
  64  15:36  Siege Tank x3  
  64  15:42  Terran Ship Weapons Level 2  
  73  15:47  SCV  
  74  15:57  Planetary Fortress  
  74  15:59  SCV  
  75  16:04  Viking x2  
  75  16:05  Viking x5  
  75  16:06  Viking x2  
  75  16:08  Siege Tank x3  
  102  16:11  SCV  
  103  16:23  SCV  
  104  16:34  Viking  
  104  16:36  SCV  
  107  16:40  Siege Tank x3  
  107  17:12  Siege Tank x3  
  78  19:30  Starport Reactor  
  78  19:59  Starport Reactor  
  75  20:00  Starport Reactor  
  58  20:39  Viking x4  
  58  20:40  Viking x6  
  58  20:41  Viking x2  
  78  21:09  Viking x4  
  78  21:10  Viking x6  
  78  21:11  Viking x2  
  101  21:39  Viking x4  
  109  21:40  Viking x7  
  109  21:41  Viking  
  109  22:09  Viking x4  
  109  22:10  Viking x5  
  121  23:09  Command Center  
  121  23:10  Missile Turret  
  121  23:11  Missile Turret  
  118  23:13  Missile Turret  
  118  23:29  Missile Turret  
  118  23:39  Missile Turret  
  118  23:42  Missile Turret  
  118  23:43  Missile Turret  
  118  23:48  Refinery  
  118  23:49  Refinery  
  118  23:57  Viking x5  
  118  23:58  Viking x5  
  118  23:59  Viking x2  
  142  24:22  Command Center  
  140  24:24  Refinery  
  140  24:27  Viking x3, Refinery  
  84  27:53  Viking x3  
  84  27:54  Viking x6  
  84  27:55  Viking x2  
  76  29:39  Siege Tank x3  
Show
View Real Time Build Order
Export as new Build Order

ForceForce Terran 

Build Orders:  

Get SALT Encoding   

  12  1:03  Supply Depot  
  12  1:13  Refinery  
  12  1:18  SCV  
  13  1:26  Supply Depot  
  13  1:30  SCV  
  14  1:33  Barracks  
  14  1:42  SCV  
  16  1:54  SCV  
  16  2:07  Supply Depot, SCV  
  17  2:21  Barracks  
  17  2:30  Ghost Academy, Engineering Bay, SCV  
  17  2:33  Marine  
  19  2:43  SCV  
  20  2:48  Refinery  
  20  2:51  Marine  
  20  2:55  SCV  
  22  3:02  Personal Cloaking  
  22  3:07  SCV  
  22  3:09  Marine  
  22  3:10  Barracks  
  22  3:12  Barracks Tech Lab  
  24  3:19  SCV  
  25  3:24  Missile Turret  
  25  3:27  Marine  
  25  3:34  Ghost  
  28  3:46  Barracks Tech Lab  
  28  3:49  SCV  
  29  4:06  Orbital Command  
  29  4:10  Ghost, Ghost Academy  
  31  4:27  Supply Depot  
  31  4:48  Marine x2, SCV  
  31  4:52  Marine  
  35  4:54  Factory  
  35  5:00  SCV  
  35  5:06  Marine x2  
  38  5:10  Marine  
  39  5:20  Combat Shields  
  39  6:13  Nuke  
  39  6:15  Nuke  
  39  6:48  Marine  
  39  6:49  Marine x2, SCV  
  39  7:14  Factory Tech Lab  
  39  7:52  Siege Tank, SCV  
  39  7:57  Supply Depot  
  39  7:58  Ghost  
  47  8:03  Ghost  
  47  8:18  Marine  
  47  8:19  Supply Depot  
  48  8:25  Siege Tank  
  48  8:26  Marine  
  52  8:32  Marine  
  53  8:36  Marine  
  54  8:43  Supply Depot  
  54  8:44  Ghost  
  56  8:49  Ghost  
  58  9:12  Ghost  
  58  9:16  Marine  
  61  9:18  Marine  
  62  9:34  Marine  
  62  9:36  Marine  
  64  9:41  Marine  
  61  9:52  Marine  
  62  9:54  Marine  
  62  9:59  Marine  
  64  10:10  Marine  
  64  10:11  Marine  
  64  10:17  Marine  
  65  10:45  Command Center  
  56  11:16  Marine  
  56  11:55  Marine x2  
  56  11:56  Marine  
  49  12:13  Marine x3  
  42  12:31  Marine x2  
  42  12:36  Nuke x2  
  35  13:16  Marine x3  
  38  13:34  Marine x3  
  41  13:52  Marine x3  
  44  14:09  Marine  
  44  14:10  Marine x2  
  43  14:27  Marine x2  
  43  14:28  Marine  
  46  14:33  Terran Infantry Weapons Level 1  
  46  14:42  Command Center  
  46  14:45  Marine x3  
  49  15:03  Marine  
  33  15:14  Marine x2  
  33  15:21  Marine  
  36  15:32  Marine x2  
  38  16:22  Unknown x5  
  26  18:59  Marine  
  26  19:00  Marine x2  
  29  19:04  Terran Infantry Armor Level 1  
  29  19:17  Marine x2  
  31  19:24  Ghost  
  33  21:27  Nuke  
  33  22:42  Marine x2  
  34  22:54  Nuke  
  34  22:59  Ghost, Marine  
  34  23:00  Marine  
  37  23:17  Marine  
  37  23:18  Marine  
  30  25:13  Nuke  
  19  28:12  SCV  
  5  29:38  Unknown  
  5  29:39  Unknown x6  
  5  29:40  Unknown  
Show
View Real Time Build Order
Export as new Build Order

ALIGATOR Protoss 

Build Orders:  

Get SALT Encoding   

  12  0:11  Pylon  
  12  0:14  Probe (Chrono Boost)  
  13  0:29  Forge  
  13  0:37  Pylon  
  13  0:51  Gateway  
  13  0:58  Pylon  
  13  1:07  Probe (Chrono Boost)  
  14  1:16  Photon Cannon  
  14  1:22  Probe (Chrono Boost)  
  15  1:35  Photon Cannon  
  15  1:43  Pylon  
  15  1:57  Probe (Chrono Boost)  
  16  2:01  Photon Cannon  
  16  2:08  Cybernetics Core  
  16  2:13  Probe (Chrono Boost)  
  17  2:18  Zealot  
  19  2:23  Probe (Chrono Boost)  
  19  2:29  Assimilator  
  20  2:35  Probe (Chrono Boost)  
  21  2:39  Assimilator  
  21  2:43  Pylon  
  21  2:50  Probe (Chrono Boost)  
  22  3:00  Probe (Chrono Boost)  
  22  3:03  Photon Cannon  
  23  3:11  Probe (Chrono Boost)  
  24  3:20  Zealot  
  26  3:30  Stargate  
  26  3:35  Pylon  
  26  3:44  Pylon  
  26  3:52  Probe (Chrono Boost), Pylon  
  27  3:58  Pylon  
  27  4:08  Stargate  
  27  4:12  Phoenix  
  29  4:34  Twilight Council  
  29  5:12  Fleet Beacon  
  29  5:17  Gateway  
  29  5:20  Stalker  
  31  6:04  Nexus  
  29  6:19  Stalker  
  29  6:20  Stalker  
  29  6:21  Tempest  
  29  6:22  Photon Cannon  
  39  6:48  Graviton Catapult  
  39  7:14  Nexus  
  39  7:17  Pylon  
  39  7:19  Tempest, Assimilator  
  39  7:24  Assimilator  
  45  7:51  Protoss Air Weapons Level 1  
  45  7:56  Phoenix  
  47  8:02  Probe (Chrono Boost)  
  49  8:14  Probe (Chrono Boost), Photon Cannon  
  49  8:17  Photon Cannon  
  49  8:20  Photon Cannon  
  49  8:26  Probe (Chrono Boost)  
  50  8:27  Probe (Chrono Boost)  
  51  8:38  Probe x2 (Chrono Boost), Carrier  
  53  8:49  Probe (Chrono Boost)  
  53  8:50  Probe (Chrono Boost)  
  61  8:59  Probe (Chrono Boost)  
  64  9:04  Mothership Core (Chrono Boost)  
  65  9:10  Probe (Chrono Boost)  
  65  9:20  Probe (Chrono Boost)  
  66  9:30  Carrier  
  66  9:31  Probe (Chrono Boost)  
  73  9:41  Probe (Chrono Boost)  
  74  9:46  Protoss Air Weapons Level 2  
  74  9:52  Probe (Chrono Boost)  
  75  10:02  Probe (Chrono Boost)  
  76  10:13  Probe (Chrono Boost)  
  75  10:19  Stalker x2  
  79  10:21  Carrier  
  79  10:23  Probe (Chrono Boost)  
  74  10:55  Carrier  
  86  11:27  Protoss Shields Level 1  
  86  11:36  Carrier  
  92  12:06  Photon Cannon  
  92  12:10  Carrier  
  92  12:12  Photon Cannon  
  92  12:15  Photon Cannon  
  92  12:21  Photon Cannon  
  98  12:27  Photon Cannon  
  98  12:32  Robotics Facility  
  98  12:39  Photon Cannon  
  98  13:11  Pylon  
  98  13:13  Pylon  
  98  13:14  Pylon  
  98  13:16  Pylon  
  98  13:17  Carrier  
  98  13:19  Pylon  
  98  13:24  Carrier  
  110  14:32  Carrier  
  110  14:39  Carrier  
  110  14:40  Protoss Air Weapons Level 3  
  116  15:43  Pylon  
  116  15:46  Photon Cannon, Carrier  
  116  15:47  Photon Cannon  
  116  15:53  Carrier  
  78  16:16  Photon Cannon  
  78  16:18  Photon Cannon  
  76  17:01  Carrier  
  76  17:08  Carrier  
  64  18:06  Mothership Core (Chrono Boost)  
  64  18:15  Carrier  
  64  18:19  Photon Cannon  
  64  18:20  Photon Cannon  
  64  18:22  Photon Cannon, Carrier  
  76  19:36  Void Ray  
  76  19:43  Void Ray  
  90  20:15  Phoenix  
  56  22:19  Void Ray  
  56  22:24  Void Ray  
Show
View Real Time Build Order
Export as new Build Order

Baralgin Terran - Winner!

Build Orders:  

Get SALT Encoding   

  12  0:05  SCV  
  13  0:14  Refinery  
  13  0:23  Refinery  
  13  0:32  Supply Depot  
  13  1:09  Barracks  
  13  1:58  Marine  
  14  2:04  Barracks  
  14  2:13  SCV  
  14  2:15  Barracks  
  15  2:16  Marine  
  16  2:25  SCV  
  17  2:33  Marine  
  17  2:35  Engineering Bay  
  18  2:38  SCV  
  19  2:50  SCV  
  20  2:51  Marine  
  20  2:56  Marine  
  22  3:02  SCV  
  22  3:03  Supply Depot  
  23  3:09  Supply Depot  
  23  3:18  Barracks Reactor  
  23  3:25  Marine x2  
  25  3:38  Factory  
  25  3:40  Missile Turret  
  25  3:43  Marine x2  
  25  3:45  Orbital Command  
  27  4:00  Marine x2  
  27  4:01  Bunker  
  29  4:11  Barracks Reactor  
  29  4:18  Marine  
  30  4:28  Marine x2  
  32  4:36  Marine  
  33  4:54  Marine  
  34  5:44  Factory Tech Lab  
  34  5:46  Marine  
  35  5:51  Command Center  
  33  6:58  Siege Tank  
  36  7:05  Planetary Fortress  
  36  7:10  Missile Turret  
  36  7:30  Siege Tank  
  39  7:51  Starport, SCV  
  40  7:57  Missile Turret  
  40  8:02  Siege Tank  
  40  8:03  SCV  
  44  8:10  Marine x5  
  49  8:15  SCV  
  49  8:16  Missile Turret  
  50  8:27  SCV  
  50  8:28  Marine x3  
  54  8:35  Missile Turret  
  54  8:37  Marine x2  
  54  8:38  Siege Tank  
  54  8:39  SCV  
  60  8:45  Marine  
  60  8:46  Starport Tech Lab  
  61  8:49  Bunker  
  61  8:57  SCV  
  62  9:09  SCV  
  63  9:10  Siege Tank  
  63  9:12  Missile Turret  
  66  9:21  SCV  
  67  9:42  Siege Tank  
  62  10:23  Viking  
  64  10:30  Hi-Sec Auto Tracking  
  57  10:53  Viking  
  59  11:23  Viking  
  61  11:26  Neosteel Frame, Refinery  
  61  11:30  Marine x2  
  63  11:48  Command Center, Marine x2  
  63  11:53  Viking  
  60  12:05  Marine  
  38  12:20  SCV  
  37  12:23  Viking  
  39  12:32  SCV  
  41  12:44  SCV  
  41  12:53  Viking  
  41  12:56  SCV  
  44  13:00  Fusion Core  
  44  13:07  Missile Turret  
  44  13:11  Planetary Fortress  
  44  13:16  Missile Turret  
  44  13:23  Viking  
  46  13:52  Viking  
  48  14:22  Viking  
  50  14:32  Missile Turret, SCV  
  50  14:38  Barracks Reactor  
  51  14:41  Marine x4  
  51  14:44  SCV  
  56  14:52  Viking  
  56  14:55  Advanced Ballistics  
  56  14:56  SCV  
  56  14:58  Building Armor  
  56  14:59  Marine x4  
  63  15:09  SCV  
  63  15:11  Refinery  
  64  15:16  Hellion  
  64  15:17  Marine x4  
  64  15:21  Marine x2, SCV  
  71  15:22  Viking  
  75  15:34  Marine x2  
  75  15:35  Marine x2  
  79  15:37  Hellion  
  79  15:39  Marine x2  
  79  15:41  Starport  
  83  15:52  Marine x2  
  85  16:25  Viking  
  85  16:33  Starport Tech Lab  
  85  16:38  Terran Infantry Weapons Level 1  
  85  17:03  Marine x2  
  85  17:04  Marine x2  
  85  17:05  Viking  
  85  17:07  Marine x2  
  84  17:09  Hellion  
  78  17:21  Marine  
  79  17:30  Hellion  
  81  17:48  Supply Depot, Battlecruiser  
  84  17:52  Hellion  
  77  18:45  Siege Tank  
  37  19:17  Siege Tank  
  40  19:43  Command Center  
  40  19:49  Siege Tank  
  43  20:21  Siege Tank  
  45  20:53  Siege Tank  
  48  21:25  Siege Tank  
  26  22:23  Marine x6  
  32  22:40  Marine  
  32  22:41  Marine x2  
  25  24:14  Marine x4  
  25  24:15  Marine x2  
  31  24:32  Marine x5  
  27  25:26  Orbital Command  
  27  27:37  Orbital Command  
  27  28:42  Refinery  
  27  28:46  Refinery  
  5  29:10  Command Center  
  5  29:14  Marine x6  
  11  29:31  Marine  
  11  29:32  Marine x3  
Show
View Real Time Build Order
Export as new Build Order

tbekas Zerg - Winner!

Build Orders: 3 Hatch before Pool 

Get SALT Encoding   

  12  0:01  Drone  
  13  0:13  Overlord  
  13  0:24  Drone  
  14  0:32  Drone x2  
  16  0:36  Drone  
  17  0:54  Hatchery  
  17  1:00  Hatchery  
  17  1:03  Drone  
  17  1:09  Extractor  
  17  1:10  Drone  
  17  1:26  Spawning Pool  
  17  1:27  Drone  
  17  1:31  Drone  
  17  1:32  Drone  
  19  1:45  Overlord  
  19  1:53  Drone  
  20  2:12  Metabolic Boost  
  20  2:15  Queen x2  
  20  2:17  Zergling x2  
  20  2:19  Drone  
  26  2:24  Drone x2  
  28  2:33  Drone  
  29  2:40  Drone x2  
  31  2:47  Overlord  
  31  2:48  Zergling x2  
  32  2:54  Queen  
  32  2:57  Drone  
  32  2:58  Drone  
  36  3:06  Drone x2  
  37  3:21  Drone x2  
  37  3:26  Drone x4  
  43  3:28  Overlord  
  43  3:29  Overlord  
  43  3:47  Overlord x4  
  43  3:50  Spore Crawler  
  43  3:53  Spore Crawler  
  41  4:00  Hatchery  
  41  4:01  Roach Warren  
  39  4:05  Zergling x12  
  39  4:07  Drone  
  39  4:09  Drone  
  47  4:15  Lair  
  47  4:19  Queen  
  49  4:27  Drone x3  
  52  4:39  Drone x4  
  52  4:41  Extractor  
  52  4:44  Extractor  
  52  4:45  Drone x2  
  56  4:51  Drone x2  
  58  4:54  Queen  
  60  5:17  Queen  
  63  5:21  Drone x4  
  63  5:22  Drone  
  63  5:24  Zergling x8  
  71  5:29  Spore Crawler  
  71  5:30  Queen x2  
  71  5:31  Spore Crawler x2  
  72  5:42  Zergling x2  
  73  5:43  Zergling x16, Baneling Nest  
  73  5:49  Drone x2  
  83  5:50  Drone  
  83  5:54  Drone  
  84  5:58  Queen  
  86  6:05  Queen  
  86  6:06  Spore Crawler  
  86  6:09  Spore Crawler  
  86  6:28  Overseer  
  86  6:29  Overseer  
  86  6:54  Drone  
  86  6:55  Drone x3  
  86  6:56  Overlord  
  86  6:57  Overlord x8  
  90  7:07  Extractor  
  89  7:09  Extractor  
  88  7:15  Hatchery  
  87  7:29  Drone x8  
  99  7:30  Drone x9  
  104  7:41  Infestation Pit, Spire  
  104  7:42  Burrow  
  104  7:43  Drone x4  
  104  7:44  Drone x2  
  108  8:02  Extractor  
  107  8:25  Overseer, Hive  
  107  8:27  Centrifical Hooks  
  107  8:35  Extractor  
  107  8:36  Queen, Spore Crawler, Extractor  
  106  8:56  Corruptor  
  106  8:57  Corruptor x13  
  106  9:00  Drone x4  
  106  9:01  Drone  
  139  9:05  Zerg Flyer Armor Level 1  
  138  9:49  Drone x3  
  141  10:15  Zergling x2  
  141  10:16  Zergling x24  
  141  10:17  Zergling x6  
  157  10:41  Ultralisk Cavern  
  156  10:45  Spire, Evolution Chamber  
  156  10:47  Evolution Chamber  
  152  10:52  Adrenal Glands  
  141  11:02  Zergling x20  
  141  11:03  Zergling x18  
  137  11:13  Zerg Ground Armor Level 1, Zerg Melee Weapons Level 1  
  137  11:15  Zerg Flyer Armor Level 2  
  137  11:16  Corruptor x4  
  137  11:17  Corruptor x2  
  149  11:32  Chitinous Plating  
  149  11:36  Drone x4  
  149  11:37  Drone x4  
  157  11:45  Hatchery  
  156  12:00  Overseer, Pneumatized Carapace  
  156  12:43  Extractor  
  153  12:45  Extractor  
  146  12:53  Overlord  
  146  12:54  Overlord x8  
  144  13:05  Zerg Flyer Weapons Level 1  
  137  13:29  Overseer  
  137  13:31  Zerg Ground Armor Level 2, Zerg Melee Weapons Level 2  
  137  13:33  Ultralisk x7  
  145  13:52  Drone x3  
  145  13:53  Drone  
  148  13:58  Zergling x20  
  148  13:59  Zergling x26  
  162  14:36  Greater Spire  
  162  14:38  Corruptor x2  
  162  14:39  Corruptor x17  
  162  14:44  Overseer  
  162  14:45  Overseer x3  
  176  15:11  Zerg Flyer Armor Level 3  
  125  15:38  Drone x6  
  131  15:47  Hatchery  
  124  15:57  Hatchery  
  117  16:10  Ultralisk x4  
  142  16:33  Hatchery  
  141  16:57  Ultralisk x2  
  148  17:23  Corruptor x3  
  148  17:24  Corruptor x2  
  146  17:51  Drone  
  146  17:52  Drone x6  
  146  17:55  Hatchery  
  152  18:04  Zerg Melee Weapons Level 3  
  128  18:17  Zerg Flyer Weapons Level 2  
  122  18:41  Zerg Ground Armor Level 3  
  122  18:43  Drone x3  
  125  19:12  Brood Lord x3  
  131  19:17  Corruptor x4  
  139  19:25  Drone x3  
  139  19:26  Drone x2  
  144  19:42  Hatchery  
  143  20:48  Drone x3  
  146  21:17  Corruptor  
  146  21:18  Corruptor x6  
  135  21:51  Corruptor x3  
  141  21:58  Drone x5  
  146  22:01  Overseer  
  146  22:02  Spore Crawler  
  146  22:06  Spine Crawler  
  139  22:26  Hydralisk Den  
  138  22:31  Extractor  
  138  22:35  Extractor  
  136  22:37  Spine Crawler  
  136  22:38  Spore Crawler, Spine Crawler  
  133  22:47  Drone x3  
  133  22:48  Drone x3  
  139  22:59  Extractor  
  138  23:18  Extractor x2  
  136  23:21  Hydralisk  
  136  23:22  Hydralisk x11  
  136  23:23  Hydralisk x12  
  184  23:52  Zerg Missile Weapons Level 1  
  184  23:54  Hydralisk x2  
  188  23:57  Overlord x2  
  188  23:58  Overlord x3  
  188  24:21  Hydralisk x26  
  186  24:38  Hydralisk x2  
  186  24:39  Hydralisk  
  186  24:41  Hydralisk x29  
  182  24:59  Overseer x2  
  178  25:00  Overseer x2  
  134  25:55  Drone  
  134  25:56  Drone x4  
  139  26:01  Hydralisk  
  139  26:02  Hydralisk x8  
  157  26:07  Drone  
  157  26:08  Drone x8  
  103  27:43  Overlord x6  
  84  28:20  Drone  
  86  28:41  Drone x3, Hatchery  
  87  28:54  Hydralisk  
  87  28:55  Hydralisk x5  
Show
View Real Time Build Order
Export as new Build Order

BANANAJOE Protoss - Winner!

Build Orders:  

Get SALT Encoding   

  12  0:02  Probe (Chrono Boost)  
  13  0:13  Probe (Chrono Boost)  
  14  0:23  Probe (Chrono Boost)  
  14  0:25  Pylon  
  15  0:43  Probe (Chrono Boost)  
  16  0:55  Pylon  
  16  0:58  Gateway  
  16  1:07  Forge  
  16  1:52  Cybernetics Core  
  16  1:55  Gateway  
  16  2:01  Probe (Chrono Boost)  
  17  2:05  Assimilator  
  17  2:10  Assimilator  
  17  2:11  Probe (Chrono Boost)  
  18  2:22  Probe (Chrono Boost)  
  19  2:28  Pylon  
  19  2:32  Probe (Chrono Boost)  
  19  2:33  Pylon  
  20  2:43  Probe (Chrono Boost)  
  21  2:53  Probe (Chrono Boost)  
  21  2:58  Warp Gate  
  22  3:04  Probe (Chrono Boost)  
  23  3:06  Stalker  
  23  3:07  Zealot  
  27  3:13  Protoss Ground Weapons Level 1  
  27  3:16  Probe (Chrono Boost)  
  29  3:28  Probe (Chrono Boost)  
  29  3:34  Zealot  
  29  3:36  Zealot  
  33  3:59  Twilight Council  
  33  4:01  Zealot  
  35  4:16  Nexus  
  35  4:18  Assimilator  
  35  4:22  Assimilator  
  35  4:27  Pylon  
  35  4:30  Pylon  
  35  4:32  Pylon  
  35  4:41  Charge  
  35  4:53  Protoss Shields Level 1  
  35  4:55  Stalker  
  35  4:57  Zealot  
  39  5:24  Zealot  
  39  5:25  Zealot  
  43  5:40  Stargate  
  43  5:51  Stalker  
  45  6:10  Probe (Chrono Boost)  
  46  6:20  Probe (Chrono Boost)  
  46  6:22  Zealot x2  
  46  6:31  Probe (Chrono Boost)  
  38  6:41  Probe (Chrono Boost)  
  39  6:49  Zealot x2  
  39  6:52  Probe (Chrono Boost)  
  44  7:04  Photon Cannon  
  44  7:06  Photon Cannon  
  44  7:08  Photon Cannon  
  44  7:16  Zealot x2  
  44  7:18  Photon Cannon  
  48  7:24  Photon Cannon  
  48  7:36  Photon Cannon  
  48  7:53  Probe (Chrono Boost)  
  49  8:04  Probe (Chrono Boost)  
  50  8:14  Probe (Chrono Boost)  
  51  8:25  Probe (Chrono Boost)  
  52  8:29  Zealot  
  54  8:35  Probe (Chrono Boost)  
  54  8:39  Void Ray  
  55  8:46  Probe (Chrono Boost)  
  60  8:54  Protoss Ground Armor Level 1  
  60  8:56  Probe (Chrono Boost), Zealot  
  64  9:11  Probe (Chrono Boost)  
  64  9:16  Void Ray  
  64  9:23  Probe (Chrono Boost)  
  57  9:25  Probe (Chrono Boost)  
  58  9:36  Probe (Chrono Boost)  
  59  9:46  Probe (Chrono Boost)  
  60  9:54  Photon Cannon  
  60  9:57  Probe (Chrono Boost)  
  60  9:58  Photon Cannon  
  61  10:04  Photon Cannon  
  61  10:07  Probe (Chrono Boost)  
  62  10:18  Probe (Chrono Boost)  
  63  10:27  Stalker  
  63  10:28  Probe (Chrono Boost), Stalker  
  68  10:39  Probe (Chrono Boost)  
  70  10:50  Probe (Chrono Boost)  
  70  10:57  Stalker  
  68  12:05  Void Ray  
  72  12:24  Probe (Chrono Boost)  
  73  12:34  Probe (Chrono Boost)  
  74  12:41  Stalker  
  74  12:42  Stalker, Void Ray  
  78  12:45  Probe (Chrono Boost)  
  83  12:54  Protoss Air Weapons Level 1  
  83  12:55  Probe (Chrono Boost)  
  84  13:06  Probe (Chrono Boost)  
  85  13:49  Robotics Facility  
  85  13:57  Dark Shrine  
  85  14:00  Fleet Beacon  
  85  14:31  Pylon  
  85  14:43  Pylon  
  85  14:46  Pylon  
  85  14:49  Stalker x2  
  89  14:59  Observer  
  90  15:19  Stalker x2  
  90  15:20  Observer  
  95  15:39  Shadow Stride  
  95  15:53  Templar Archives  
  97  15:57  Dark Templar  
  97  17:49  High Templar  
  99  17:51  Psionic Storm  
  99  18:05  Protoss Shields Level 2  
  99  18:20  Dark Templar  
  101  18:28  High Templar  
  103  18:53  Tempest  
  109  19:05  Pylon  
  109  19:09  Pylon  
  109  19:12  Pylon  
  109  19:14  Pylon  
  109  19:19  Pylon  
  109  19:23  High Templar, Dark Templar  
  113  19:29  Pylon  
  113  19:30  Tempest  
  113  19:37  Pylon  
  119  20:20  Protoss Ground Weapons Level 2  
  119  20:30  Pylon  
  119  21:35  Nexus  
  119  21:43  Assimilator  
  119  21:47  Assimilator  
  119  21:51  Pylon  
  119  21:53  Pylon  
  119  21:56  Pylon  
  119  21:58  Tempest  
  121  22:36  Protoss Ground Armor Level 2  
  121  22:47  Photon Cannon  
  121  22:48  Photon Cannon  
  121  22:51  Photon Cannon  
  121  22:53  Photon Cannon  
  121  22:55  Photon Cannon  
  121  22:57  Photon Cannon  
  121  23:04  Gateway  
  121  23:10  Stargate  
  121  23:16  Stargate  
  121  23:21  Stargate  
  121  23:24  Stargate  
  121  23:31  Photon Cannon  
  121  23:33  Photon Cannon  
  121  24:00  Probe (Chrono Boost)  
  122  24:11  Probe (Chrono Boost)  
  122  24:12  Carrier  
  122  24:14  Carrier  
  135  24:21  Probe (Chrono Boost)  
  136  24:28  Void Ray  
  140  24:32  Probe (Chrono Boost)  
  141  24:42  Probe (Chrono Boost)  
  142  25:19  Tempest  
  144  27:47  Tempest x2  
  144  27:49  Tempest  
Tags
 
Add a new tag
Caveats
  • Supply blocks, unpowered buildings, or Contaminate may cause inaccurate times.
  • Supply counts are checked every 10 seconds.